[Event "Slovakia Open Piestany-A 2022"]
[Site "Piestany"]
[Date "2022.07.17"]
[Round "8.30"]
[White "Tripodi, Enzo"]
[Black "Mizicka, Matus"]
[Result "0-1"]
[ECO "B13"]
[WhiteElo "2141"]
[BlackElo "1915"]
[Annotator "TA"]
[PlyCount "100"]
[EventDate "2022.07.12"]
[EventType "swiss"]
[EventCountry "SVK"]
[SourceTitle "playchess.com"]
[Source "ChessBase"]
[SourceQuality "1"]
[TimeControl "40/5400+30:1800+30"]

1. e4 c6 2. d4 d5 3. exd5 cxd5 4. Bd3 Nc6 5. c3 Nf6 6. Bf4 g6 7. Nd2 Bg7 8. h3 O-O 9. Ngf3 a6 10. O-O {[%emt 0:02:04] B13: Caro-Kann: Exchange Variation and Panov-Botvinnik Attack.} b5 11. a3 Qb6 12. Re1 {[%emt 0:00:50] [#] White is slightly better.} Bd7 $146 ({Predecessor:} 12... Re8 13. Nb3 Nd7 14. Ne5 Ndxe5 15. dxe5 d4 16. cxd4 Be6 17. Be3 Bxb3 18. Qxb3 Nxd4 19. Bxd4 Qxd4 {½-½ (87) Steves,D (2009)-Fischer,T (2213) Germany 2009}) 13. Ne5 Nxe5 14. dxe5 Ne8 15. Nf3 Nc7 16. Be3 Qb7 17. Bc5 Rfe8 18. Ng5 Be6 19. f4 h6 (19... Bh6 $16) 20. Nxe6 Nxe6 21. Be3 {[%emt 0:00:04] This bishop pair is nice.} Nf8 22. f5 Bxe5 23. Bxh6 Bg7 24. Bxg7 Kxg7 25. Qg4 (25. fxg6 $16 Nxg6 26. Bxg6 Qb6+ 27. Kh1 Qxg6 28. Qd4+ (28. Qxd5 Rad8 $16) 28... Qf6 29. Re5 (29. Qxd5 Rad8 $16)) 25... e5 26. fxe6 (26. Rf1 $16) 26... Nxe6 27. Kh1 {[%emt 0:00:41][%cal Od3g6] Hoping for Bxg6!} Qe7 28. Re5 Qf6 (28... Qd6 $14 29. Rf5 Kg8) 29. Rf5 $1 $18 (29. Rxd5 $6 Rad8 30. Be4 Ng5 31. Rxg5 Rxe4 32. Qxe4 Qxg5 $14) 29... Qe7 {[%emt 0:09:07] [#]} 30. Raf1 $1 ({Resist} 30. Rxd5 $6 Rad8 31. Rxd8 Rxd8 $14) 30... Rf8 31. Rxd5 (31. R1f3 $142) 31... Rad8 32. Be4 Nc5 33. Rxd8 (33. Bf3 $16 {aiming for Qd4+.} Rxd5 34. Bxd5) 33... Rxd8 $11 34. Bf3 ({Better is} 34. Bb1 $11) 34... Rd2 ({Black should try} 34... Nd3 $15 35. Be4 Nxb2) 35. Qb4 (35. b4 $11 {keeps the balance.} Ne6 36. Qg3) 35... Qe5 $17 {[%emt 0:01:56][%mdl 1024] Black has strong compensation. Black is more active.} 36. Qh4 Nd3 {[%emt 0:00:46] Prevents Re1.} 37. b4 (37. b3 $1 $15) 37... Nf2+ 38. Kg1 $11 Qe3 {[%emt 0:00:22] Dancing on a razor blade.} 39. Rxf2 $2 {[%emt 0:00:42][%mdl 8192] [#]} (39. Kh2 $1 $11) 39... Qe1+ $1 $40 {[%emt 0:00:08][%mdl 128] Black attacks with force.} 40. Kh2 {[%emt 0:00:01][%cal Of3e2] Be2! is the strong threat.} Qxf2 {[%emt 0:00:13][%mdl 4096] Endgame KQR-KQB} 41. Qf4 (41. Qxf2 {is the only way for White.} Rxf2 42. Bb7) 41... Qe1 (41... Rd1 $2 42. Qe5+ Kh6 43. Bxd1 $18) 42. c4 $2 (42. Be4 Rd7 43. Bc6) 42... bxc4 43. Qxc4 Qe5+ 44. Kg1 Qe3+ 45. Kh1 Rb2 {[%emt 0:00:00] ( -> ...Qe1+)} 46. Be4 (46. h4 $142) 46... Re2 (46... Rb3 $142 47. Qd5 Qe1+ 48. Kh2 Qg3+ 49. Kh1 Re3 50. Qd4+ Kh7) 47. Bd3 Re1+ {[%emt 0:00:00] Black mates.} 48. Kh2 Qe5+ 49. g3 Qb2+ 50. Bc2 Rc1 {[%emt 0:00:00] Never resign too early!  Weighted Error Value: White=0.82/Black=0.32} 0-1

[Event "Slovakia Open Piestany-A 2022"]
[Site "Piestany"]
[Date "2022.07.18"]
[Round "9.1"]
[White "Donchenko, Alexander"]
[Black "Kozak, Antoni"]
[Result "1/2-1/2"]
[ECO "A17"]
[WhiteElo "2640"]
[BlackElo "2475"]
[Annotator "TA"]
[PlyCount "113"]
[EventDate "2022.07.12"]
[EventType "swiss"]
[EventCountry "SVK"]
[SourceTitle "playchess.com"]
[Source "ChessBase"]
[SourceQuality "1"]
[TimeControl "40/5400+30:1800+30"]

1. Nf3 c5 2. c4 Nf6 3. Nc3 d5 4. cxd5 Nxd5 5. e3 e6 6. Qa4+ {[%emt 0:09:49] [#] A17: English Opening: 1...Nf6 with ...Bb4.} Bd7 $146 ({Predecessor:} 6... Nc6 7. Ne5 Bd7 8. Nxd7 Qxd7 9. Be2 Ndb4 10. O-O Rd8 11. a3 Nd3 12. b4 cxb4 13. axb4 Bxb4 {0-1 (39) Harff,M (2351)-Baron,T (2528) Karlsruhe 2017}) 7. Qb3 Nxc3 8. bxc3 Qc7 9. Rb1 b6 10. d4 Nc6 11. Bd3 Be7 12. O-O O-O 13. e4 e5 14. Qc2 Bg4 (14... exd4 $15 15. cxd4 Rac8) 15. Nxe5 (15. d5 $5 Bxf3 16. gxf3 $14) 15... Nxe5 16. dxe5 c4 17. Be2 Bxe2 18. Qxe2 Qxe5 19. Qxc4 Rfc8 20. Qe2 Qxc3 21. Bb2 (21. Re1 $11) 21... Qc4 $17 22. Qg4 {[%emt 0:01:01][%csl Gb2][%cal Rg4g7] [#]} Bf8 23. Rbc1 Qe6 ({Better is} 23... Qa6 $17 {Hoping for ...Rxc1.} 24. Rxc8 Rxc8) 24. Qxe6 $11 {[%emt 0:01:38] The position is equal.} fxe6 25. g3 Rxc1 26. Rxc1 {[%emt 0:00:05][%mdl 4096] Endgame KRB-KRB} Rd8 27. Rc2 {[%emt 0:04:04] Inhibits Rd2.} b5 28. Kf1 Rd7 29. Ke2 Kf7 30. Ke3 a5 31. f4 a4 32. g4 g6 33. Rc8 b4 34. Bd4 Rb7 35. Kd2 Rd7 36. Ke3 Rb7 37. Kd3 b3 38. axb3 Rxb3+ 39. Kc4 Rb4+ 40. Kc3 {[%emt 0:00:35][%cal Oc8f8] [#] And now Rxf8+! would win.} Rb7 41. Ra8 a3 42. h3 h5 43. Kc2 Bd6 44. f5 exf5 45. gxf5 gxf5 46. exf5 Bf8 47. Kd3 Bg7 48. Bc5 Rb3+ 49. Ke4 Rxh3 50. Ra7+ Kg8 51. Be7 Bh6 52. f6 {[%emt 0:01:54] Bc5 is the strong threat.} Kf7 53. Rxa3 Rxa3 54. Bxa3 Bg5 55. Bb2 Bxf6 56. Bxf6 h4 57. Bxh4 {[%emt 0:00:06] Weighted Error Value: White=0.06 (flawless) /Black=0.05 (flawless)} 1/2-1/2

[Event "Slovakia Open Piestany-A 2022"]
[Site "Piestany"]
[Date "2022.07.18"]
[Round "9.2"]
[White "Niedbala, Bartlomiej"]
[Black "Schitco, Ivan"]
[Result "1/2-1/2"]
[ECO "B56"]
[WhiteElo "2381"]
[BlackElo "2490"]
[Annotator "TA"]
[PlyCount "60"]
[EventDate "2022.07.12"]
[EventType "swiss"]
[EventCountry "SVK"]
[SourceTitle "playchess.com"]
[Source "ChessBase"]
[SourceQuality "1"]
[TimeControl "40/5400+30:1800+30"]

1. e4 c5 2. Nf3 d6 3. d4 cxd4 4. Nxd4 Nf6 5. Nc3 Nc6 6. f3 e5 7. Nb3 Be7 8. Be3 O-O 9. Qd2 Be6 10. O-O-O a5 11. Bb5 Nb4 {[%emt 0:00:14][%cal Ob4a2] B56: Classical Sicilian: Unusual Lines.} 12. Kb1 d5 13. exd5 Nbxd5 14. Nxd5 Nxd5 15. Bc4 $1 Nxe3 16. Qxe3 Qc8 17. Bxe6 Qxe6 18. Rhe1 Rfd8 {[%emt 0:02:35] [#]} 19. a3 $146 ({Predecessor:} 19. Qe4 b6 20. Nc1 f6 21. Rd3 Rac8 22. f4 Rc4 23. Rxd8+ Bxd8 24. Qe3 Bc7 25. b3 {1-0 (49) Lobo,A (2093)-Salguera,A (2117) ICCF email 2018}) 19... b6 20. Nc1 Bf6 21. Rxd8+ Rxd8 22. Nd3 g6 23. f4 ({Don't blunder} 23. Nxe5 $2 Bxe5 24. g3 Rd5 $19) 23... exf4 $1 24. Qxe6 fxe6 25. Nxf4 $14 {[%emt 0:08:50][%mdl 4096] Endgame KRB-KRN} Kf7 {[%emt 0:04:22] The position is equal.} 26. Nd3 ({Not} 26. Nxe6 $2 Re8 27. Ng5+ Bxg5 $19) ({But not} 26. Rxe6 $2 g5 27. Ka2 gxf4 $19) 26... Rd5 27. Re2 g5 28. Nf2 h5 29. h3 b5 30. c3 Be7 {[%emt 0:08:13] Weighted Error Value: White=0.03 (flawless) /Black=0.02 (flawless)} 1/2-1/2

[Event "Slovakia Open Piestany-A 2022"]
[Site "Piestany"]
[Date "2022.07.18"]
[Round "9.3"]
[White "Haring, Filip"]
[Black "Omelja, Artem"]
[Result "1/2-1/2"]
[ECO "C54"]
[WhiteElo "2451"]
[BlackElo "2478"]
[Annotator "TA"]
[PlyCount "67"]
[EventDate "2022.07.12"]
[EventType "swiss"]
[EventCountry "SVK"]
[SourceTitle "playchess.com"]
[Source "ChessBase"]
[SourceQuality "1"]
[TimeControl "40/5400+30:1800+30"]

1. e4 e5 2. Nf3 Nc6 3. Bc4 Bc5 4. c3 Nf6 5. d3 d6 6. Nbd2 a5 {[%emt 0:01:56] C54: Giuoco Piano: 4 c3 Nf6, main lines with 5 d4 and 5 d3.} 7. Bb3 h6 8. a4 Ba7 9. h3 Ne7 10. Nf1 Ng6 11. Ng3 {[%emt 0:01:03] [#]} c6 $146 ({Predecessor:} 11... O-O 12. O-O d5 13. Be3 Bxe3 14. fxe3 Be6 15. Bc2 Ra6 16. d4 Nxe4 17. Nxe4 dxe4 18. Bxe4 {0-1 (44) Andias,J (2039)-Kowalski,I (2296) Lisbon 2019}) 12. O-O O-O 13. Bc2 d5 14. d4 Nxe4 15. Nxe4 dxe4 16. Nxe5 Nxe5 17. dxe5 Qh4 18. Qe1 Bxh3 {[%emt 0:05:19][%cal Of7f5] ...f5! is the strong threat.} 19. gxh3 (19. Qxe4 $15 Qxe4 20. Bxe4) 19... Qg3+ $1 $19 20. Kh1 Qxh3+ 21. Kg1 {[%emt 0:00:05] [#]} f5 22. c4 $2 (22. Qe2 $17) 22... Rad8 $2 (22... Qg4+ $19 {has better winning chances.} 23. Kh2 Bd4) 23. Ra3 $17 {[%emt 0:04:33] [#]} Rd3 24. Bxd3 exd3 25. Bf4 (25. Qxa5 f4 26. Bxf4 (26. Qxa7 $2 f3 27. Rxd3 Qg2#) 26... Qg4+ 27. Kh1 Qf3+ 28. Kg1 Qxf4 $19) 25... Qg4+ 26. Kh1 Qf3+ 27. Kg1 Re8 {[%emt 0:07:12] ( -> ...Re6)} 28. Qxa5 $2 (28. e6 $17 {is a better defense.}) 28... Re6 $2 29. Qxa7 $11 {[%emt 0:00:35] The position is equal.} Rg6+ 30. Bg3 f4 {[%emt 0:03:21][%mdl 64] Pin} 31. Qb8+ ({But not} 31. Qxb7 $2 fxg3 32. Qc8+ Kh7 $19) 31... Kh7 32. Qf8 {[%emt 0:00:14] And now Qf5 would win.} (32. Qxb7 {gets mated.} fxg3) 32... Rxg3+ 33. fxg3 Qxg3+ 34. Kh1 {[%emt 0:00:06] Black had all chances to win.  Weighted Error Value: White=0.59/Black=0.50} 1/2-1/2

[Event "Slovakia Open Piestany-A 2022"]
[Site "Piestany"]
[Date "2022.07.18"]
[Round "9.4"]
[White "Moksh Amit Doshi"]
[Black "Demchenko, Anton"]
[Result "0-1"]
[ECO "A41"]
[WhiteElo "2409"]
[BlackElo "2653"]
[Annotator "TA"]
[PlyCount "60"]
[EventDate "2022.07.12"]
[EventType "swiss"]
[EventCountry "SVK"]
[SourceTitle "playchess.com"]
[Source "ChessBase"]
[SourceQuality "1"]
[TimeControl "40/5400+30:1800+30"]

1. d4 g6 2. c4 Bg7 3. Nf3 d6 4. g3 c5 5. Bg2 Nc6 6. d5 {[%emt 0:03:24] A41: 1 d4 d6: Tartakower System and Modern Defence.} Na5 7. Qc2 Nf6 {[%emt 0:01:10][%cal Ob7b5] [#]} 8. Nbd2 $146 {[%emt 0:01:35] The position is equal.} ({Predecessor:} 8. Nfd2 e6 9. dxe6 Bxe6 10. Qa4+ Nd7 11. Ne4 O-O 12. Bg5 f6 13. Bf4 Nxc4 14. Nxd6 Nxd6 15. Bxd6 {½-½ (68) Malikentzos,S (2352)-Macieja,B (2607) Porto Rio 2014}) 8... b5 9. e4 bxc4 10. O-O Rb8 11. Re1 O-O 12. Nxc4 Nxc4 13. Qxc4 e6 14. dxe6 $1 Bxe6 15. Qc2 Ng4 $1 16. Rd1 Ne5 17. Ng5 Bg4 18. f3 h6 (18... Bc8 $142 19. Rb1 h6) 19. Nxf7 ({White should try} 19. fxg4 hxg5 20. h3) 19... Nxf7 $17 ({Not} 19... Rxf7 20. fxg4 c4 21. Rf1 $17) 20. fxg4 Bd4+ 21. Kh1 Ne5 {[%emt 0:00:17][%mdl 1024] Black has strong compensation.} 22. h3 Qa5 {[%emt 0:03:46] White must now prevent ...Qa6. Black is much more active.} ({Weaker is} 22... Rf2 23. Rd2 Rxd2 24. Qxd2 $17) 23. Qd2 (23. Rd2 $17) 23... Qa4 $19 {[%emt 0:02:11] Threatens to win with ...Rf2.} 24. Qe1 g5 25. Rd2 (25. b3 $17 {was forced.} Qa6 26. Be3 Bxa1 27. Rxa1) 25... Rf7 26. a3 $2 (26. Re2) 26... Qb3 {[%emt 0:00:58] Hoping for ...Nd3.} 27. Re2 Nd3 28. Qd2 Rbf8 {[%emt 0:02:48][%cal Of7f1] aiming for ...Rf1+!} 29. Rb1 {[%emt 0:00:27] [#]} Ne5 (29... Rf1+ $142 $1 30. Kh2 (30. Bxf1 Rxf1+) 30... Bg1+ 31. Kh1 Be3+ 32. Kh2 Bxd2 33. Rxd2 {[#]} Ne5 $1 34. h4 gxh4 35. Rd3 Qxd3 36. Be3 Nxg4+ 37. Kh3 Qxe3 $1 38. Bf3 Qxf3 39. Kxh4 Nf2 $1 40. Rxf1 Qg4#) 30. Kh2 Rf2 {[%emt 0:00:32] Weighted Error Value: White=0.98/Black=0.25 (precise)} 0-1

[Event "Slovakia Open Piestany-A 2022"]
[Site "Piestany"]
[Date "2022.07.18"]
[Round "9.5"]
[White "Krasenkow, Michal"]
[Black "Neugebauer, Martin"]
[Result "1/2-1/2"]
[ECO "E12"]
[WhiteElo "2569"]
[BlackElo "2528"]
[Annotator "TA"]
[PlyCount "88"]
[EventDate "2022.07.12"]
[EventType "swiss"]
[EventCountry "SVK"]
[SourceTitle "playchess.com"]
[Source "ChessBase"]
[SourceQuality "1"]
[TimeControl "40/5400+30:1800+30"]

1. d4 Nf6 2. c4 e6 3. Nf3 b6 4. a3 Ba6 5. Nbd2 d5 6. e3 Be7 7. b4 O-O 8. Bb2 Nbd7 {[%emt 0:06:36] E12: Queen's Indian: Unusual White 4th moves, 4 a3, 4 Nc3 Bb7 5 a3 and 4 Nc3 Bb7 .} 9. cxd5 Bxf1 10. Nxf1 {[%emt 0:02:17] [#]} Nxd5 $146 ({Predecessor:} 10... exd5 11. Ng3 Re8 12. Ne5 Bd6 13. f4 c5 14. O-O c4 15. b5 a6 16. a4 Qc7 {0-1 (73) Krasenkow,M (2608)-Giri,A (2714) Melilla 2011}) 11. e4 Nf4 12. Ne3 c5 $1 13. g3 Nh3 14. Kf1 Ng5 15. Nxg5 $1 Bxg5 16. f4 {[%emt 0:00:33] Black must now prevent dxc5.} cxd4 17. Qxd4 e5 $1 18. Qd5 exf4 19. gxf4 Bxf4 20. Rg1 $40 {[%emt 0:00:46][%mdl 128] White attacks.} Ne5 21. Qxd8 {[%emt 0:05:39] Really sharp!} Rfxd8 ({Black should try} 21... Raxd8 $11 22. Nd5 Bxh2) 22. Nd5 $14 Rxd5 23. exd5 Rd8 24. Rd1 Bxh2 25. Rg2 Bf4 26. Rd4 Ng6 {[%emt 0:10:56] [#]} 27. Rxg6 {[%emt 0:00:13][%mdl 64] Remove Defender} hxg6 (27... fxg6 28. Rxf4) 28. Rxf4 Rxd5 29. Rd4 {[%emt 0:00:08] Prevents Rd2.} Rxd4 (29... Rf5+ $16 30. Kg2 g5 31. Rd8+ Kh7) 30. Bxd4 $16 {[%emt 0:00:09] KB-KP} Kf8 {[%emt 0:00:02] [#]} 31. a4 $1 Ke7 32. Bxg7 {[%emt 0:01:58] Bc3 would kill now.} Kd6 $2 (32... g5 $18 33. Ke2 Ke6) 33. Ke2 Kd5 34. Kd3 f5 35. Bf6 $2 (35. Bh6 {mates} Ke5 36. b5 f4 37. Bg5 Kf5 38. Bd8 Ke6 39. Ke4 Kd6 40. Kxf4) 35... f4 $18 36. Bd8 f3 37. Bh4 g5 38. Bf2 ({And not} 38. Bxg5 f2 39. Ke2 Kc4 $11) 38... Ke5 39. Bg3+ Kd5 {[%emt 0:00:04] [#]} 40. Be1 $1 Ke5 41. Bf2 $2 (41. Ke3 $18) 41... Kd5 {[%emt 0:03:40] The position is equal.} 42. Bg3 {[%emt 0:00:27] Strongly threatening Be1.} g4 $1 43. Bb8 {[%emt 0:19:26] Threatens to win with Bg3.} f2 44. Ke2 Kc4 {[%emt 0:00:06] Weighted Error Value: White=0.34/Black=0.39} 1/2-1/2

[Event "Slovakia Open Piestany-A 2022"]
[Site "Piestany"]
[Date "2022.07.18"]
[Round "9.6"]
[White "Gretarsson, Helgi Ass"]
[Black "Sahidi, Samir"]
[Result "0-1"]
[ECO "D36"]
[WhiteElo "2472"]
[BlackElo "2462"]
[Annotator "TA"]
[PlyCount "186"]
[EventDate "2022.07.12"]
[EventType "swiss"]
[EventCountry "SVK"]
[SourceTitle "playchess.com"]
[Source "ChessBase"]
[SourceQuality "1"]
[TimeControl "40/5400+30:1800+30"]

1. d4 Nf6 2. c4 e6 3. Nc3 d5 4. cxd5 exd5 5. Bg5 c6 6. e3 Be7 7. Bd3 O-O 8. Qc2 h6 9. Bh4 Re8 10. Nge2 Nbd7 11. O-O Ne4 12. Bxe7 Qxe7 13. Rae1 Ndf6 14. Nd1 Bd7 15. f3 Ng5 16. Kh1 Qd6 17. Nc1 b6 18. Nb3 Ne6 19. Nc3 Rac8 20. Rd1 c5 21. dxc5 bxc5 22. Bc4 Bc6 23. Ne4 Nxe4 24. fxe4 d4 25. exd4 cxd4 26. Qf2 Bxe4 27. Nxd4 Qe7 28. Bb3 Kh7 29. Nb5 Red8 30. Rde1 (30. Nxa7 Rxd1 31. Bxd1 Rc5 $17) 30... Qb7 31. Nxa7 Rc7 32. Nb5 Bxg2+ 33. Qxg2 Qxb5 34. Rg1 (34. Bxe6 $11 fxe6 35. Rxe6) 34... Ng5 $15 35. Rd1 ({Avoid the trap} 35. h4 $2 Rd4 $1 36. Qg3 (36. Bc2+ $2 f5 $19) 36... Qb4 $1 37. hxg5 (37. Qxc7 $2 Rxh4+ 38. Kg2 Qd2+ 39. Kf1 Rf4+ 40. Qxf4 Qxf4+ 41. Ke2 Qf3+ 42. Kd2 Qf2+ 43. Kc1 Nf3 $19) 37... Rh4+ 38. Kg2 Rg4 $19) 35... Rxd1 36. Rxd1 Qe5 (36... Re7 $5 37. Bc2+ g6 $15) 37. Qd5 Qxb2 38. h4 $2 {[%emt 0:00:11][%mdl 8192] [#]} (38. Qd4 $17 {was necessary.} Rc3 39. Qd2 Qxd2 40. Rxd2) 38... Ne6 $2 (38... Rc3 $1 $19 {[%cal Rc3h3] ( -> ...Rh3+)} 39. Rd2 (39. hxg5 $2 Rh3+ 40. Kg1 Qh2+ 41. Kf1 Qf4+ 42. Ke2 Qh2+ 43. Kf1 Qf4+ 44. Ke2 Qe3+ 45. Kf1 Rf3+ 46. Qxf3 Qxf3+ 47. Ke1 hxg5 $19) 39... Qb1+ 40. Bd1 Ne6) 39. Qd3+ g6 $1 40. Bxe6 fxe6 41. h5 $1 Qf6 42. Qxg6+ Qxg6 43. hxg6+ Kxg6 44. Ra1 Ra7 45. a4 $1 Ra5 46. Kg2 Kf6 47. Kf3 h5 48. Rh1 Ke7 49. Ra1 Kd6 50. Ra2 Rf5+ 51. Kg3 Ra5 52. Kf3 Ke7 53. Ra1 Kf6 54. Rh1 e5 55. Ra1 Ke6 56. Rh1 Kf6 57. Ra1 Kf5 58. Rh1 e4+ 59. Ke3 Kg4 60. Rg1+ Kh3 61. Ra1 h4 62. Kxe4 Kg3 63. Rg1+ $2 (63. Ra3+ $11 Kg4 64. Ke3) 63... Kf2 64. Ra1 h3 65. Kf4 h2 66. Ra2+ Kg1 67. Ra1+ Kg2 68. Ra2+ Kh3 69. Ra3+ Kh4 70. Ra1 Rxa4+ 71. Rxa4 h1=Q 72. Re4 Qf1+ 73. Ke5+ Kg5 74. Rd4 Qf5+ 75. Kd6 Kf6 76. Rd5 Qf4+ 77. Kc5 Ke6 78. Rd4 Qc1+ 79. Kb4 Ke5 80. Rd3 Qb2+ 81. Kc4 Qc2+ 82. Rc3 Qe4+ 83. Kb5 Kd6 84. Rc4 Qb1+ 85. Rb4 Qd3+ 86. Kb6 Qd5 87. Rb5 Qd4+ 88. Kb7 Kd7 89. Kb8 Kc6 90. Rb1 Qd8+ 91. Ka7 Qe7+ 92. Kb8 Qf8+ 93. Ka7 Qf7+ 0-1

[Event "Slovakia Open Piestany-A 2022"]
[Site "Piestany"]
[Date "2022.07.18"]
[Round "9.7"]
[White "Lewtak, Damian"]
[Black "Samunenkov, Ihor"]
[Result "0-1"]
[ECO "A07"]
[WhiteElo "2397"]
[BlackElo "2448"]
[Annotator "TA"]
[PlyCount "162"]
[EventDate "2022.07.12"]
[EventType "swiss"]
[EventCountry "SVK"]
[SourceTitle "playchess.com"]
[Source "ChessBase"]
[SourceQuality "1"]
[TimeControl "40/5400+30:1800+30"]

1. Nf3 Nf6 2. b3 d5 3. Bb2 Bf5 4. g3 e6 5. Bg2 h6 6. d3 {[%emt 0:00:19] A07: Réti Opening: New York and Capablanca Systems.} Nbd7 7. Nbd2 {[%emt 0:00:20] [#]} a5 $146 ({Predecessor:} 7... Bh7 8. O-O Be7 9. e4 O-O 10. Qe2 c5 11. Rfe1 a5 12. a4 Qc7 13. exd5 Nxd5 {1-0 (74) Zierk,S (2488)-Sarana,A (2685) Chess.com INT 2022}) 8. a4 {[%emt 0:00:13] The position is equal.} Bb4 9. O-O O-O 10. e3 Qe7 11. Ne5 Nxe5 12. Bxe5 Rad8 13. h3 Bd6 14. Bc3 b6 15. Qe2 e5 16. Rad1 Qe6 17. Kh2 Bh7 18. e4 Bb4 ({Better is} 18... Rfe8) 19. exd5 (19. Bxb4 {keeps more tension.} axb4 20. exd5 Nxd5 21. Rde1) 19... Nxd5 20. Bxd5 (20. Bxe5 $2 f6 21. Be4 fxe5 $19) 20... Rxd5 21. Bxb4 axb4 22. Nc4 Re8 23. Rde1 Qd7 24. Qf3 (24. f3 $11) 24... f6 (24... e4 $5 25. dxe4 Rd4 $15) 25. Re3 Rd4 26. Rfe1 Bf5 27. Qg2 Be6 28. Nd2 Bd5 29. Qf1 Qc6 30. Rc1 Rd8 31. Qe2 Bf7 32. Qe1 Bg6 33. Nf3 R4d5 34. Nh4 Bh7 35. f4 exf4 (35... Rc5 $15 {might be stronger.} 36. c4 Rxd3) 36. gxf4 $11 Rc5 {[%emt 0:01:36][%cal Oh7d3] [#] aiming for ...Bxd3!} 37. Qe2 (37. c4 $5 ) 37... Qd6 38. Rf1 ({But not} 38. Re8+ $2 Kf7 39. Rxd8 Qxf4+ 40. Kh1 Qxc1+ 41. Kh2 Qf4+ 42. Kg1 Re5 $19) 38... Bf5 39. Nxf5 Rxf5 40. Re6 Qd5 (40... Qd4 $11) 41. Rf2 Kh7 42. Re7 Qd4 43. Re4 Qd6 44. Qe1 c5 45. Re6 Qd4 46. Kg3 Rd6 47. Rxd6 Qxd6 $16 {[%emt 0:00:05][%mdl 4096] Endgame KQR-KQR} 48. Qe4 Qd7 49. Re2 {[%emt 0:00:00] Threatens to win with Qe6.} g5 $1 50. Qe7+ (50. Qe6 $1 $14 gxf4+ 51. Kf3 Qb7+ 52. Re4) 50... Qxe7 $11 51. Rxe7+ {[%emt 0:00:03] KR-KR} Kg6 52. Re6 gxf4+ 53. Kf3 Rh5 54. Rxb6 Rxh3+ 55. Kxf4 {[%emt 0:00:05] Strongly threatening Rb5.} Rh2 56. d4 cxd4 57. Rxb4 d3 58. Kg3 Rxc2 59. Rd4 d2 60. b4 (60. Kf4 $11) 60... Ra2 61. a5 ({White should try} 61. b5) 61... Rb2 (61... Kg5 $17 62. a6 Rxa6 63. Rxd2 Ra3+ 64. Kf2 Rb3) 62. Kf3 {[%emt 0:02:08] [#]} Rxb4 $1 63. Rxd2 Ra4 64. Rd5 f5 65. Rd6+ Kg5 {[%emt 0:00:07] And now ...Ra3+ would win.} 66. Ra6 Ra3+ 67. Ke2 h5 68. Ra8 Kg4 (68... h4 69. Kf2 $17) 69. a6 $2 {[%emt 0:00:07] White does not recover from this.} (69. Kf2 $1 $15) 69... Ra2+ $19 ({Stronger than} 69... h4 70. Kf2 $17) 70. Ke1 $2 (70. Kf1) 70... f4 ({Avoid the trap} 70... h4 $2 71. Kf1 $19) (70... Kf3 $142 71. Rd8 Rxa6 72. Rd3+ Kg2 73. Rd2+ Kg3 74. Rd3+ Kg4) 71. a7 {[%emt 0:00:26] Hoping for Rg8+.} Kf3 {[%emt 0:00:15] Black mates.} 72. Kd1 h4 73. Ke1 h3 74. Rh8 Rxa7 75. Rxh3+ Kg2 76. Rh8 Re7+ 77. Kd2 f3 78. Kd3 f2 79. Rg8+ Kf1 80. Rb8 Rf7 81. Ke3 Kg2 {[%emt 0:00:19] Weighted Error Value: White=0.11 (very precise) /Black=0.11 (very precise)} 0-1

[Event "Slovakia Open Piestany-A 2022"]
[Site "Piestany"]
[Date "2022.07.18"]
[Round "9.8"]
[White "Savitha Shri B"]
[Black "Pacher, Milan"]
[Result "1/2-1/2"]
[ECO "B81"]
[WhiteElo "2278"]
[BlackElo "2399"]
[Annotator "TA"]
[PlyCount "82"]
[EventDate "2022.07.12"]
[EventType "swiss"]
[EventCountry "SVK"]
[SourceTitle "playchess.com"]
[Source "ChessBase"]
[SourceQuality "1"]
[TimeControl "40/5400+30:1800+30"]

1. e4 c5 2. Nf3 d6 3. d4 cxd4 4. Nxd4 Nf6 5. Nc3 a6 6. Be3 e6 7. g4 e5 8. Nf5 {[%emt 0:00:51] B81: Sicilian Scheveningen: Keres Attack.} h5 (8... g6 $11 9. Nh6 Bxh6 10. Bxh6 Nxg4) 9. g5 $14 Nxe4 10. Nxg7+ $1 {[%emt 0:01:55] White is slightly better.} Bxg7 11. Nxe4 d5 12. Ng3 d4 13. Bd2 Qd5 14. Rg1 (14. c4 $14 Qc6 15. Bd3) 14... Bg4 $1 $36 {[%emt 0:07:40][%mdl 2048] White is under pressure.} 15. Be2 Nd7 16. Bxg4 hxg4 17. Qxg4 Rxh2 18. Nf5 ({White should play} 18. g6 $11 Nf6 19. Qf5) 18... Bf8 $15 {[%emt 0:01:38] Strongly threatening ...Rc8.} 19. g6 fxg6 20. Qxg6+ Qf7 {[%emt 0:00:05] [#]} ({Black should try} 20... Kd8 $17 {Hoping for ...Rc8.} 21. Ng3 Kc7) 21. Ke2 $146 ({Predecessor:} 21. Qg3 Rh5 22. Ng7+ Bxg7 23. Qxg7 Qxg7 24. Rxg7 Rh1+ 25. Ke2 Rxa1 26. Bb4 O-O-O {0-1 (28) Bares,J (2015)-Mosesov,D (2353) Pardubice 2019}) 21... Nf6 {[%emt 0:06:08] [#] White must now prevent ...Rc8.} 22. Qxf7+ {[%emt 0:05:44] The position is equal.} Kxf7 23. Rh1 Rxh1 24. Rxh1 Rd8 25. f3 Ke6 26. Ng3 Be7 27. Bg5 Rg8 28. Bxf6 Rxg3 $11 {[%emt 0:01:07][%mdl 4096] Endgame KRB-KRB} 29. Kf2 {[%emt 0:01:32] [#] aiming for Bxe7.} Rg8 30. Bxe7 Kxe7 {[%emt 0:00:03] KR-KR} 31. Rh7+ Ke6 32. Rxb7 Rc8 33. c3 dxc3 {[%emt 0:00:03] ( -> ...c2)} 34. bxc3 Rxc3 35. Rb6+ Kf5 36. Rxa6 e4 37. fxe4+ Kxe4 38. Ke2 Rc2+ 39. Kd1 Rh2 40. a4 Kd3 41. Rd6+ Kc4 {[%emt 0:30:04] Weighted Error Value: White=0.09 (flawless) /Black=0.10 (very precise)} 1/2-1/2